PL
RICHARDSON CITY THUNDERCATS @ ATHLETIC CLUB KC
09/20/2025
 
TOP OF THE 1ST
Richardson City Thundercats batting - Pitching for Athletic Club KC : RHP Juan Torres
Pitching: RHP Juan Torres
Batting: RHB Chriss Mann 0-0: Ground out 6-3 (Groundball, 56)
Batting: LHB Fernando Ramírez 0-0: Ball
1-0: Ball
2-0: Ball
3-0: Base on Balls
Batting: SHB Mitch Qualtrough 0-0: Foul Ball, location: 2F
0-1: Foul Ball, location: 2F
0-2: Strikes out swinging
Batting: RHB Joey Jones 0-0: Ball
1-0: Ball
2-0: Fly out, F5 (Popup, 5L)
Top of the 1st over - 0 run(s), 0 hit(s), 0 error(s), 1 left on base; Richardson City 0 - Athletic Club KC 0
BOTTOM OF THE 1ST
Athletic Club KC batting - Pitching for Richardson City Thundercats : RHP Josef van der Poel
Pitching: RHP Josef van der Poel
Batting: SHB David Henderson 0-0: Ball
1-0: Foul Ball, location: 2F
1-1: Called Strike
1-2: Foul Ball, location: 2F
1-2: Fly out, F9 (Flyball, 9S)
Batting: RHB David Edwards 0-0: Foul Ball, location: 2F
0-1: Ball
1-1: Fly out, F8 (Flyball, 8RM)
Batting: RHB Ramón Souza 0-0: Ball
1-0: Ball
2-0: Foul Ball, location: 2F
2-1: Ball
3-1: Ground out 5-3 (Groundball, 5)
Bottom of the 1st over - 0 run(s), 0 hit(s), 0 error(s), 0 left on base; Richardson City 0 - Athletic Club KC 0
TOP OF THE 2ND
Richardson City Thundercats batting - Pitching for Athletic Club KC : RHP Juan Torres
Batting: SHB Seishiro Nishimura 0-0: Ball
1-0: Ball
2-0: Ball
3-0: Called Strike
3-1: Called Strike
3-2: Base on Balls
Batting: LHB Terrence Eler 0-0: Ball
1-0: Called Strike
1-1: Grounds into double play, 4-6-3 (Groundball, 4)
Batting: RHB Alden Wiley 0-0: SOLO HOME RUN (Flyball, 8LXD), Distance : 439 ft
Batting: RHB Nate Cates 0-0: Ball
1-0: Ball
2-0: Fly out, F8 (Flyball, 8RS)
Top of the 2nd over - 1 run(s), 1 hit(s), 0 error(s), 0 left on base; Richardson City 1 - Athletic Club KC 0
BOTTOM OF THE 2ND
Athletic Club KC batting - Pitching for Richardson City Thundercats : RHP Josef van der Poel
Batting: RHB John Downing 0-0: Swinging Strike
0-1: Called Strike
0-2: Ball
1-2: Ball
2-2: Strikes out swinging
Batting: SHB Pedro Vázquez 0-0: SINGLE (Line Drive, 78M)
Pitching: RHP Bo Tubbs
Batting: RHB Jorge Trevino 0-0: Foul Ball, location: 2F
0-1: Foul Ball, location: 2F
0-2: Ball
1-2: Foul Ball, location: 2F
1-2: Foul Ball, location: 2F
1-2: Ball
2-2: Fly out, F8 (Flyball, 8LM)
Batting: LHB Thatcher Douglas 0-0: Ball
1-0: Fielders Choice at 2nd, 4-6 (Groundball, 4)
Bottom of the 2nd over - 0 run(s), 1 hit(s), 0 error(s), 0 left on base; Richardson City 1 - Athletic Club KC 0
TOP OF THE 3RD
Richardson City Thundercats batting - Pitching for Athletic Club KC : RHP Juan Torres
Batting: LHB Eduardo Álvarez 0-0: TRIPLE (Groundball, 3L)
Batting: RHB Chriss Mann 0-0: Called Strike
0-1: SINGLE (Groundball, 6MD)
Eduardo Álvarez scores
Batting: LHB Fernando Ramírez 0-0: Foul Ball, location: 2F
0-1: Ball
1-1: Ball
2-1: Ball
3-1: Base on Balls
Chriss Mann to second
Batting: SHB Mitch Qualtrough 0-0: Foul Ball, location: 2F
0-1: Fly out, F3 (Popup, 3L)
Batting: RHB Joey Jones 0-0: Fly out, F7 (Flyball, 7LM)
Batting: SHB Seishiro Nishimura 0-0: Ground out 5-3 (Groundball, 5S)
Top of the 3rd over - 1 run(s), 2 hit(s), 0 error(s), 2 left on base; Richardson City 2 - Athletic Club KC 0
BOTTOM OF THE 3RD
Athletic Club KC batting - Pitching for Richardson City Thundercats : RHP Bo Tubbs
Batting: RHB Dao-zi Dai 0-0: Called Strike
0-1: Fly out, F9 (Flyball, 89S)
Batting: RHB Harry Fuller 0-0: Called Strike
0-1: Ball
1-1: Ball
2-1: Ball
3-1: Swinging Strike
3-2: Base on Balls
Batting: SHB David Henderson 0-0: SINGLE (Groundball, 34D)
Harry Fuller to second
Runner from 2nd tries for 3rd, SAFE, no throw
Batting: RHB David Edwards 0-0: Called Strike
0-1: Called Strike
0-2: Ball
1-2: Ground out 5-3 (Groundball, 56)
David Henderson to second
Batting: RHB Ramón Souza 0-0: Ball
1-0: Called Strike
1-1: Ball
2-1: Foul Ball, location: 2F
2-2: Fly out, F8 (Flyball, 8LD)
Bottom of the 3rd over - 0 run(s), 1 hit(s), 0 error(s), 2 left on base; Richardson City 2 - Athletic Club KC 0
TOP OF THE 4TH
Richardson City Thundercats batting - Pitching for Athletic Club KC : RHP Juan Torres
Batting: LHB Terrence Eler 0-0: Ground out 3-1 (Groundball, 34)
Batting: RHB Alden Wiley 0-0: Swinging Strike
0-1: Ball
1-1: Bunted foul
1-2: Foul Ball, location: 2F
1-2: SINGLE (Groundball, 56D)
Batting: RHB Nate Cates 0-0: SINGLE (Line Drive, 4D)
Alden Wiley to second
Batting: LHB Eduardo Álvarez 0-0: Called Strike
0-1: Ball
1-1: TRIPLE (Flyball, 8LXD)
Alden Wiley scores
Nate Cates scores
Batting: RHB Chriss Mann 0-0: Called Strike
0-1: Ball
1-1: Ball
2-1: Ball
3-1: Base on Balls
Batting: LHB Fernando Ramírez 0-0: Called Strike
0-1: Foul Ball, location: 2F
0-2: Ball
1-2: Foul Ball, location: 2F
1-2: Ball
2-2: Strikes out swinging
Batting: SHB Mitch Qualtrough 0-0: Foul Ball, location: 2F
0-1: Ball
1-1: Ball
2-1: TRIPLE (Flyball, 89D)
Eduardo Álvarez scores
Chriss Mann scores
Batting: RHB Joey Jones 0-0: Foul Ball, location: 2F
0-1: Ball
1-1: Fly out, F4 (Popup, 34D)
Top of the 4th over - 4 run(s), 4 hit(s), 0 error(s), 1 left on base; Richardson City 6 - Athletic Club KC 0
BOTTOM OF THE 4TH
Athletic Club KC batting - Pitching for Richardson City Thundercats : RHP Bo Tubbs
Batting: RHB John Downing 0-0: Called Strike
0-1: Foul Ball, location: 2F
0-2: Ball
1-2: Strikes out looking
Batting: SHB Pedro Vázquez 0-0: Ball
1-0: Ball
2-0: Called Strike
2-1: Ball
3-1: Swinging Strike
3-2: Base on Balls
Pitching: LHP Armando Gonzáles
Batting: RHB Jorge Trevino 0-0: Called Strike
Pedro Vázquez is caught stealing 2nd base
0-1: Foul Ball, location: 2F
0-2: Foul Ball, location: 2F
0-2: Ball
1-2: Fly out, F9 (Flyball, 9S)
Bottom of the 4th over - 0 run(s), 0 hit(s), 0 error(s), 0 left on base; Richardson City 6 - Athletic Club KC 0
TOP OF THE 5TH
Richardson City Thundercats batting - Pitching for Athletic Club KC : RHP Juan Torres
Pitching: RHP Richard Allison
Batting: SHB Seishiro Nishimura 0-0: Called Strike
0-1: Ball
1-1: Swinging Strike
1-2: Ground out 6-3 (Groundball, 6)
Batting: LHB Terrence Eler 0-0: Called Strike
0-1: Called Strike
0-2: Strikes out swinging
Batting: RHB Alden Wiley 0-0: Called Strike
0-1: SINGLE (Line Drive, 6D)
Batting: RHB Nate Cates 0-0: Called Strike
0-1: Ball
1-1: Called Strike
1-2: Ground out 4-3 (Groundball, 4)
Top of the 5th over - 0 run(s), 1 hit(s), 0 error(s), 1 left on base; Richardson City 6 - Athletic Club KC 0
BOTTOM OF THE 5TH
Athletic Club KC batting - Pitching for Richardson City Thundercats : LHP Armando Gonzáles
Batting: LHB Thatcher Douglas 0-0: Ball
1-0: Ball
2-0: Called Strike
2-1: Foul Ball, location: 2F
2-2: Ball
3-2: Fly out, F8 (Flyball, 89D)
Batting: RHB Dao-zi Dai 0-0: Swinging Strike
0-1: Called Strike
0-2: Ball
1-2: Strikes out swinging
Batting: RHB Harry Fuller 0-0: Ball
1-0: Foul Ball, location: 2F
1-1: Ball
2-1: SINGLE (Line Drive, 6D)
Batting: SHB David Henderson 0-0: Called Strike
0-1: Foul Ball, location: 2F
0-2: Ground out 1-3 (Groundball, P)
Bottom of the 5th over - 0 run(s), 1 hit(s), 0 error(s), 1 left on base; Richardson City 6 - Athletic Club KC 0
TOP OF THE 6TH
Richardson City Thundercats batting - Pitching for Athletic Club KC : RHP Richard Allison
Batting: LHB Eduardo Álvarez 0-0: Called Strike
0-1: Ball
1-1: Foul Ball, location: 2F
1-2: Hit by Pitch
Batting: RHB Chriss Mann 0-0: Called Strike
0-1: Ground out 5-3 (Groundball, 56S)
Eduardo Álvarez to second
Batting: LHB Fernando Ramírez 0-0: Ball
1-0: Called Strike
1-1: Ball
2-1: Foul Ball, location: 2F
2-2: Ball
3-2: Base on Balls
Batting: SHB Mitch Qualtrough 0-0: Ball
1-0: Swinging Strike
1-1: Called Strike
1-2: TRIPLE (Flyball, 8LD)
Eduardo Álvarez scores
Fernando Ramírez scores
Batting: RHB Joey Jones 0-0: Ball
1-0: Ball
2-0: Ball
3-0: Base on Balls
Batting: SHB Seishiro Nishimura 0-0: SINGLE (Groundball, 56D)
Mitch Qualtrough scores
Joey Jones to second
Batting: LHB Terrence Eler 0-0: Ball
1-0: Ball
2-0: Ball
3-0: Base on Balls
Joey Jones to third
Seishiro Nishimura to second
Batting: RHB Alden Wiley 0-0: Ball
1-0: Foul Ball, location: 2F
1-1: Ball
2-1: Called Strike
2-2: Fly out, F8 (Flyball, 8LD)
Runner from 3rd tags up, SCORES, no throw
Pitching: LHP António Uribe
Batting: RHB Nate Cates 0-0: Ball
1-0: Ball
2-0: Ball
3-0: Base on Balls
Seishiro Nishimura to third
Terrence Eler to second
Batting: LHB Eduardo Álvarez 0-0: Called Strike
0-1: Ball
1-1: Swinging Strike
1-2: Strikes out swinging
Top of the 6th over - 4 run(s), 2 hit(s), 0 error(s), 3 left on base; Richardson City 10 - Athletic Club KC 0
BOTTOM OF THE 6TH
Athletic Club KC batting - Pitching for Richardson City Thundercats : LHP Armando Gonzáles
Batting: RHB David Edwards 0-0: Ball
1-0: SINGLE (Groundball, 56D)
Batting: RHB Ramón Souza 0-0: Called Strike
0-1: 2-RUN HOME RUN (Flyball, 7LD), Distance : 345 ft
Batting: RHB John Downing 0-0: Swinging Strike
0-1: Ball
1-1: Ball
2-1: Foul Ball, location: 2F
2-2: Foul Ball, location: 2F
2-2: Foul Ball, location: 2F
2-2: SINGLE (Line Drive, 78S)
Batting: SHB Pedro Vázquez 0-0: Foul Ball, location: 2F
0-1: TRIPLE (Flyball, 9LM)
John Downing scores
Pitching: RHP Emílio Zaragoza
Batting: RHB Jorge Trevino 0-0: Swinging Strike
0-1: Called Strike
0-2: Foul Ball, location: 2F
0-2: Ball
1-2: Ball
2-2: Ball
3-2: Foul Ball, location: 2F
3-2: Base on Balls
Batting: LHB Thatcher Douglas 0-0: Ball
1-0: Grounds into double play, 5-4-3 (Groundball, 56)
Pedro Vázquez scores
Batting: RHB Dao-zi Dai 0-0: Ball
1-0: Called Strike
1-1: Called Strike
1-2: Ball
2-2: Foul Ball, location: 2F
2-2: Foul Ball, location: 2F
2-2: Foul Ball, location: 2F
2-2: Ball
3-2: Foul Ball, location: 2F
3-2: Foul Ball, location: 2F
3-2: Base on Balls
Batting: RHB Harry Fuller 0-0: Called Strike
0-1: Swinging Strike
0-2: Strikes out swinging
Bottom of the 6th over - 4 run(s), 4 hit(s), 0 error(s), 1 left on base; Richardson City 10 - Athletic Club KC 4
TOP OF THE 7TH
Richardson City Thundercats batting - Pitching for Athletic Club KC : LHP António Uribe
Batting: RHB Chriss Mann 0-0: Ball
1-0: Ball
2-0: DOUBLE (Flyball, 8LXD)
Batting: LHB Fernando Ramírez 0-0: Called Strike
0-1: Ball
1-1: Ball
2-1: Foul Ball, location: 2F
2-2: Strikes out swinging
Batting: SHB Mitch Qualtrough 0-0: Called Strike
0-1: Fly out, F5 (Line Drive, 5)
Batting: RHB Joey Jones 0-0: SINGLE (Line Drive, 89S)
Chriss Mann to third
Runner from 3rd tries for Home, SAFE, no throw
Batting: SHB Seishiro Nishimura 0-0: Ball
1-0: Foul Ball, location: 2F
1-1: Ball
2-1: Ball
3-1: SINGLE (Groundball, 4MD)
Joey Jones to second
Batting: LHB Terrence Eler 0-0: Ball
1-0: Swinging Strike
1-1: Ball
2-1: Called Strike
2-2: Ball
3-2: Strikes out swinging
Top of the 7th over - 1 run(s), 3 hit(s), 0 error(s), 2 left on base; Richardson City 11 - Athletic Club KC 4
BOTTOM OF THE 7TH
Athletic Club KC batting - Pitching for Richardson City Thundercats : RHP Emílio Zaragoza
Batting: SHB David Henderson 0-0: Ball
1-0: Called Strike
1-1: Ball
2-1: Ball
3-1: Foul Ball, location: 2F
3-2: Base on Balls
Batting: RHB David Edwards 0-0: Ball
1-0: Called Strike
1-1: 2-RUN HOME RUN (Flyball, 78XD), Distance : 410 ft
Batting: RHB Ramón Souza 0-0: Called Strike
0-1: Ground out 5-3 (Groundball, 56)
Batting: RHB John Downing 0-0: Foul Ball, location: 2F
0-1: Ball
1-1: Called Strike
1-2: Strikes out swinging
Batting: SHB Pedro Vázquez 0-0: Foul Ball, location: 2F
0-1: Swinging Strike
0-2: Ball
1-2: Ground out U3 (Groundball, 3)
Bottom of the 7th over - 2 run(s), 1 hit(s), 0 error(s), 0 left on base; Richardson City 11 - Athletic Club KC 6
TOP OF THE 8TH
Richardson City Thundercats batting - Pitching for Athletic Club KC : LHP António Uribe
Pitching: RHP Eric Lang
Batting: RHB Alden Wiley 0-0: Called Strike
0-1: Ball
1-1: Foul Ball, location: 2F
1-2: Ball
2-2: Foul Ball, location: 2F
2-2: Ball
3-2: Ground out 6-3 (Groundball, 6)
Batting: RHB Nate Cates 0-0: Ball
1-0: Called Strike
1-1: Ball
2-1: Ball
3-1: Called Strike
3-2: Foul Ball, location: 2F
3-2: Strikes out swinging
Batting: LHB Eduardo Álvarez 0-0: Called Strike
0-1: Swinging Strike
0-2: Fly out, F8 (Flyball, 8RD)
Top of the 8th over - 0 run(s), 0 hit(s), 0 error(s), 0 left on base; Richardson City 11 - Athletic Club KC 6
BOTTOM OF THE 8TH
Athletic Club KC batting - Pitching for Richardson City Thundercats : RHP Emílio Zaragoza
Pitching: RHP John Hicks
Batting: RHB Jorge Trevino 0-0: Called Strike
0-1: Swinging Strike
0-2: Ball
1-2: Ball
2-2: Strikes out swinging
Batting: LHB Thatcher Douglas 0-0: Called Strike
0-1: Ball
1-1: Swinging Strike
1-2: Ground out 4-3 (Groundball, 4S)
Batting: RHB Dao-zi Dai 0-0: Ball
1-0: Ball
2-0: Ball
3-0: Called Strike
3-1: Base on Balls
Batting: RHB Harry Fuller 0-0: Called Strike
0-1: Ball
1-1: Ball
2-1: Single, Error in OF, E7, batter to second base
Dao-zi Dai to third
Batting: SHB David Henderson 0-0: Called Strike
0-1: Swinging Strike
0-2: Strikes out swinging
Bottom of the 8th over - 0 run(s), 1 hit(s), 1 error(s), 2 left on base; Richardson City 11 - Athletic Club KC 6
TOP OF THE 9TH
Richardson City Thundercats batting - Pitching for Athletic Club KC : RHP Eric Lang
Batting: RHB Chriss Mann 0-0: Called Strike
0-1: Ball
1-1: Foul Ball, location: 2F
1-2: Ball
2-2: Foul Ball, location: 2F
2-2: Foul Ball, location: 2F
2-2: Foul Ball, location: 2F
2-2: Foul Ball, location: 2F
2-2: SINGLE (Groundball, 6MD)
Batting: LHB Fernando Ramírez 0-0: Ball
1-0: Called Strike
1-1: Ball
Throwing error on steal attempt, E2
Chriss Mann to third
2-1: Ground out 4-3 (Groundball, 34D)
Chriss Mann scores
Batting: SHB Mitch Qualtrough 0-0: Called Strike
0-1: Ball
1-1: Ball
2-1: Swinging Strike
2-2: Foul Ball, location: 2F
2-2: Foul Ball, location: 2F
2-2: Foul Ball, location: 2F
2-2: Fly out, F8 (Flyball, 8LM)
Batting: RHB Joey Jones 0-0: Ball
1-0: Called Strike
1-1: Foul Ball, location: 2F
1-2: Strikes out swinging
Top of the 9th over - 1 run(s), 1 hit(s), 1 error(s), 0 left on base; Richardson City 12 - Athletic Club KC 6
BOTTOM OF THE 9TH
Athletic Club KC batting - Pitching for Richardson City Thundercats : RHP John Hicks
Pitching: RHP Dave Reed
Batting: RHB David Edwards 0-0: Called Strike
0-1: Ground out 4-3 (Groundball, 4)
Batting: RHB Ramón Souza 0-0: Called Strike
0-1: Ground out 5-3 (Groundball, 56S)
Batting: RHB John Downing 0-0: Ball
1-0: Ball
2-0: Ball
3-0: Swinging Strike
3-1: Swinging Strike
3-2: SOLO HOME RUN (Flyball, 7D), Distance : 377 ft
Batting: SHB Pedro Vázquez 0-0: Swinging Strike
0-1: Foul Ball, location: 2F
0-2: Ball
1-2: Strikes out looking
Bottom of the 9th over - 1 run(s), 1 hit(s), 0 error(s), 0 left on base; Richardson City 12 - Athletic Club KC 7
Friday, December 30th, 2016 - OOTP Baseball 17.12 Build 75